 Dungeon Crawl Stone Soup version 0.29.0-13-gc9e81de378 (webtiles) character file.

Game seed: 8252464891155524934

280 LustLizard the Ruffian (level 6, -1/61 HPs)
             Began as a Troll Fighter on Sept 8, 2022.
             Splashed by a jelly's acid (3 damage)
             ... on level 6 of the Dungeon.
             The game lasted 00:02:47 (1316 turns).

LustLizard the Ruffian (Troll Fighter)              Turns: 1316, Time: 00:02:48

Health: -1/61      AC: -8    Str: 25    XL:     6   Next: 5%
Magic:  5/5        EV:  8    Int:  6    God:
Gold:   88         SH: 12    Dex:  9    Spells: 5/5 levels left

rFire   . . .      SeeInvis .     - Unarmed
rCold   . . .      Faith    .   b - +0 kite shield
rNeg    . . .      Spirit   .   a - +0 robe
rPois   .          Reflect  +   (helmet restricted)
rElec   .          Harm     .   (no cloak)
rCorr   .          Rampage  .   (gloves unavailable)
Will    .....                   (boots unavailable)
Stlth   +.........              i - amulet of reflection
HPRegen 1.00/turn               (no ring)
MPRegen 0.09/turn               (no ring)

@: corroded
A: large, unfitting armour, claws 3, regeneration 1, shaggy fur 1, tough skin 1
a: no special abilities


You were on level 6 of the Dungeon.
You visited 1 branch of the dungeon, and saw 4 of its levels.

You collected 88 gold pieces.

Inventory:

Missiles
 d - 10 poisoned darts
 g - 27 stones (quivered)
Armour
 a - a +0 robe (worn)
 b - a +0 kite shield (worn)
Jewellery
 i - an amulet of reflection (around neck)
 m - a ring of fire
 n - an amulet of magic regeneration
Scrolls
 e - a scroll of amnesia {unknown}
 j - a scroll of poison {unknown}
 l - a scroll of enchant weapon {unknown}
 r - a scroll of identify {unknown}
Potions
 c - a potion of might
 f - a potion of haste {unknown}
 h - a potion of attraction {unknown}
 k - a potion of degeneration {unknown}
 o - a potion of magic {unknown}
 p - a potion of curing {unknown}
 q - a potion of heal wounds {unknown}


   Skills:
 + Level 3.5 Fighting
 - Level 2.4 Dodging
 + Level 3.8 Shields
 * Level 4.7 Unarmed Combat


You had 5 spell levels left.
You didn't know any spells.
Your spell library contained the following spells:

 Spells                   Type           Power      Damage    Failure   Level
 Magic Dart               Conj           0%         1d3       75%         1
 Call Imp                 Summ           0%         N/A       87%         2
 Mephitic Cloud           Conj/Pois/Air  0%         N/A       98%         3
 Portal Projectile        Hex/Tloc       0%         N/A       98%         3
 Tukima's Dance           Hex            0%         N/A       98%         3
 Blade Hands              Tmut           0%         N/A       100%        5


Dungeon Overview and Level Annotations

Branches:
Dungeon (3/15)

Altars:

Annotations:
D:6 Prince Ribbit


Innate Abilities, Weirdness & Mutations

You are too large for most types of armour.
You have claws for hands.
Your natural rate of healing is unusually fast.
You are covered in fur. (AC +1)
You have tough skin. (AC +1)


Message History

You hear a distant slurping noise.
You block the howler monkey's attack.
You claw the howler monkey!
The howler monkey is heavily wounded.
The howler monkey hoots and howls with incredible vigour!
You block the howler monkey's attack.
You hear a shout! x2; You hear an angry hiss.
You hear a croak.
You hear a shout!
You scratch the howler monkey.
The howler monkey is severely wounded.
You hear a shout!
You block the howler monkey's attack.
You hear a shout!
You claw the howler monkey!
You kill the howler monkey!
You have reached level 6!
You feel stronger.
A jelly comes into view.
You see here a howler monkey corpse.
Prince Ribbit comes into view.
Prince Ribbit gives a loud, deep croak!
The jelly barely misses you.
You scratch the jelly. The acid corrodes you!
Your claws burn!
The jelly is moderately wounded.
You block Prince Ribbit's attack.
An adder comes into view.
Prince Ribbit barely misses you. The jelly hits you. The acid corrodes you!
You are splashed with acid!
You barely miss the jelly.
The jelly is moderately wounded.
Prince Ribbit croaks regally.
You block Prince Ribbit's attack. The jelly hits you.
You are splashed with acid!
You claw the jelly!
Your claws burn!
The jelly is heavily wounded.
Prince Ribbit hits you! The jelly hits you. The acid corrodes you!
You are splashed with acid!
Prince Ribbit hits you!!
* * * LOW HITPOINT WARNING * * *
You scratch the jelly but do no damage.
Your claws burn!
You die...

#### ##..## #....##
#.....### #
..#+#.......####.###
#..................#
#..[.......@J....^#
######+#†.#.F.....#
.............S....
.................#
.................#
.................#
.................+
..............$..#
......$..........


You could see Prince Ribbit, a jelly and an adder.

Vanquished Creatures
  A scorpion (D:3)
  A howler monkey (D:6)
  A hound (D:3)
  Natasha (thrice) (D:2)
  2 adders
  2 worms (D:3)
  3 dart slugs (D:3)
  3 orcs (D:3)
  6 bats
  5 endoplasms
  A giant cockroach (D:2)
  5 goblins
  4 hobgoblins
  2 quokkas
  3 ball pythons
  3 frilled lizards
  3 kobolds
  3 rats (D:2)
51 creatures vanquished.

Notes
Turn   | Place    | Note
-------+----------+-------------------------------------------
     0 | D:1      | LustLizard the Troll Fighter began the quest for the Orb.
     0 | D:1      | Reached XP level 1. HP: 22/22 MP: 0/0
   155 | D:1      | Reached XP level 2. HP: 29/29 MP: 1/1
   440 | D:2      | Noticed Natasha
   445 | D:2      | Killed Natasha
   446 | D:2      | Reached skill level 3 in Unarmed Combat
   446 | D:2      | Reached XP level 3. HP: 36/36 MP: 2/2
   610 | D:2      | Noticed Natasha
   625 | D:2      | Killed Natasha
   626 | D:2      | Reached XP level 4. HP: 40/44 MP: 3/3
   804 | D:2      | Noticed Natasha
   810 | D:2      | Killed Natasha
   988 | D:3      | Reached skill level 4 in Unarmed Combat
   988 | D:3      | Reached XP level 5. HP: 53/53 MP: 4/4
  1047 | D:3      | Identified the +10 shortbow "With Two Names" {freeze, rElec
                  | Int+4}
  1295 | D:3      | You fall into a shaft and drop 3 floors!
  1308 | D:6      | Reached XP level 6. HP: 61/61 MP: 5/5
  1311 | D:6      | Noticed Prince Ribbit
  1315 | D:6      | HP: 2/61 [Prince Ribbit (19)]
  1316 | D:6      | Splashed by a jelly's acid

Illustrated notes

Levels and vault maps discovered:
D:1:      lightli_arrival_statue_moat, layout_basic
D:2:      layout_basic, minmay_tromino_v2, uniq_natasha
D:3:      layout_loops_cross, dreamdust_ecumenical_altar_drowned_temple,
          minmay_cupped
D:6:      layout_basic, hellmonk_ghost_happy_afterlife, mrwooster_statue_mirror,
          dilly_guarded_unrand_throatcut, uniq_sigmund, uniq_prince_ribbit1,
          uniq_eustachio, uniq_blork_the_orc

Skill      XL: |  1  2  3  4 |
---------------+-------------+-----
Shields        | 3 |  3.8
Unarmed Combat | 3 4 |  4.7
Fighting       | 3 |  3.5
Dodging        | |  2.4

Action                   |  1- 3 |  4- 6 || total
-------------------------+-------+-------++-------
Melee: Unarmed           |    59 |    78 ||   137
Armor: Robe              |    13 |    18 ||    31
Dodge: Dodged            |    13 |    23 ||    36
Block: Kite shield       |    24 |    46 ||    70
       Reflection        |       |     1 ||     1
